Workbook
Name journal_caisse: '💶 Recettes et dépenses'!#REF!
Name verification: '💶 Recettes et dépenses'!#REF!
Name Votre_tableau_de_bord: '📊 Synthèse'!#REF!

Sheet 👩🏻‍🏫 Bienvenue !
F1: Bienvenue | G1: =$I$7&" !" -> ! | I1: =K7 -> 0
B5: 👩🏻‍🏫 | D5: Bonjour et merci d'avoir téléchargé ce fichier ! Je m'appelle Laure, et vous ? Tapez votre nom dans la case violette et choisissez votre visage dans la liste en cliquant sur l'emoji !
G7: Bonjour ! Je m'appelle
B9: =$B$5 -> 👩🏻‍🏫 | D9: ="Enchantée "&I7&" !" -> Enchantée !
B10: =$B$5 -> 👩🏻‍🏫 | D10: Comment s'appelle votre micro-entreprise ?
G12: Ma micro-entreprise s'appelle | K12: =$K$7 -> 0
B14: =B5 -> 👩🏻‍🏫 | D14: =I12&" ? Joli nom !" & " Dites-moi l'année pour laquelle vous allez faire votre comptabilité." -> ? Joli nom ! Dites-moi l'année pour laquelle vous allez faire votre comptabilité.
K16: =$K$7 -> 0
B18: =B5 -> 👩🏻‍🏫 | D18: Ok, c'est noté ! Pour utiliser ce fichier, il vous suffit de saisir vos recettes et vos dépenses dans l'onglet "💶 Recettes et dépenses" tout en bas de l'écran. Et vous avez ensuite une synthèse de votre chiffre d'affaires, de vos dépenses et de votre profit dans l'onglet "📊 Synthèse".
D20: OK, je vois. | K20: =$K$7 -> 0
B22: =B5 -> 👩🏻‍🏫 | D22: Pour rappel, n'oubliez pas d'imprimer en PDF l'onglet "Recettes et dépenses" à chaque déclaration, pour être en règle. La date de création du fichier PDF obtenu fera foi en cas de contrôle.
D23: ="Je vous souhaite plein de succès avec"&" "&I12&" ! " -> Je vous souhaite plein de succès avec !
D24: ="A bientôt, "&I7&" !" -> A bientôt, !
B25: Ce contenu est soumis au droit d’auteur et est la propriété de Comptes & Formules. Toute représentation ou reproduction non autorisée est passible d’une action en contrefaçon.

Sheet 💶 Recettes et dépenses
C1: ='👩🏻‍🏫 Bienvenue !'!K7 -> 0 | E1: ="La comptabilité de votre micro-entreprise "&'👩🏻‍🏫 Bienvenue !'!I12&" - "&'👩🏻‍🏫 Bienvenue !'!I16 -> La comptabilité de votre micro-entreprise -
F4: Vos recettes 💰 | M4: Vos dépenses 🧾
C6: Date | D6: Mode de paiement | E6: N° | F6: Libellé (Client, nature de la vente) | G6: Montant | J6: Date | K6: Mode de paiement | L6: N° | M6: Libellé (Fournisseur, nature de la dépense) | N6: Montant
B7: =MONTH(Tableau1[[#This Row],[Date]]) -> 1 | I7: =MONTH(Tableau2[[#This Row],[Date]]) -> 1
B8: =MONTH(Tableau1[[#This Row],[Date]]) -> 1 | I8: =MONTH(Tableau2[[#This Row],[Date]]) -> 1
B9: =MONTH(Tableau1[[#This Row],[Date]]) -> 1 | I9: =MONTH(Tableau2[[#This Row],[Date]]) -> 1
B10: =MONTH(Tableau1[[#This Row],[Date]]) -> 1 | I10: =MONTH(Tableau2[[#This Row],[Date]]) -> 1
B11: =MONTH(Tableau1[[#This Row],[Date]]) -> 1 | I11: =MONTH(Tableau2[[#This Row],[Date]]) -> 1
B12: =MONTH(Tableau1[[#This Row],[Date]]) -> 1 | I12: =MONTH(Tableau2[[#This Row],[Date]]) -> 1
B13: =MONTH(Tableau1[[#This Row],[Date]]) -> 1 | I13: =MONTH(Tableau2[[#This Row],[Date]]) -> 1
B14: =MONTH(Tableau1[[#This Row],[Date]]) -> 1 | I14: =MONTH(Tableau2[[#This Row],[Date]]) -> 1
B15: =MONTH(Tableau1[[#This Row],[Date]]) -> 1 | I15: =MONTH(Tableau2[[#This Row],[Date]]) -> 1
B16: =MONTH(Tableau1[[#This Row],[Date]]) -> 1 | I16: =MONTH(Tableau2[[#This Row],[Date]]) -> 1
B17: =MONTH(Tableau1[[#This Row],[Date]]) -> 1 | I17: =MONTH(Tableau2[[#This Row],[Date]]) -> 1
B18: =MONTH(Tableau1[[#This Row],[Date]]) -> 1 | I18: =MONTH(Tableau2[[#This Row],[Date]]) -> 1
... B157: =MONTH(Tableau1[[#This Row],[Date]]) -> 1 | I157: =MONTH(Tableau2[[#This Row],[Date]]) -> 1

Sheet 📊 Synthèse
A1: ='👩🏻‍🏫 Bienvenue !'!K7 -> 0 | C1: ="Tableau de bord de "&'👩🏻‍🏫 Bienvenue !'!I12 -> Tableau de bord de
B3: Votre synthèse | C3: ='👩🏻‍🏫 Bienvenue !'!I16 -> 0
B5: Chiffre d'affaires | C5: =SUM(Tableau1[Montant]) -> 0
B7: Dépenses | C7: =SUM(Tableau2[Montant]) -> 0
B9: Résultat | C9: =C5-C7 -> 0
B11: 👩🏻‍🏫 | C11: =IF(C9>=0,"Bravo, vous faites du profit ! 👍","Vous perdez de l'argent, encore un effort ! 💪") -> Bravo, vous faites du profit ! 👍
B13: Ce contenu est soumis au droit d’auteur et est la propriété de Comptes & Formules. Toute représentation ou reproduction non autorisée est passible d’une action en contrefaçon.

Sheet coulisses
C1: Recettes | D1: Dépenses | E1: Profit | I1: CB
A2: 1 | B2: Janvier | C2: =SUMIF('💶 Recettes et dépenses'!B:B,coulisses!A2,'💶 Recettes et dépenses'!G:G) -> 0 | D2: =SUMIF('💶 Recettes et dépenses'!I:I,coulisses!A2,'💶 Recettes et dépenses'!N:N) -> 0 | E2: =C2-D2 -> 0 | I2: Espèces
A3: 2 | B3: Février | C3: =SUMIF('💶 Recettes et dépenses'!B:B,coulisses!A3,'💶 Recettes et dépenses'!G:G) -> 0 | D3: =SUMIF('💶 Recettes et dépenses'!I:I,coulisses!A3,'💶 Recettes et dépenses'!N:N) -> 0 | E3: =C3-D3 -> 0 | I3: Chèque
A4: 3 | B4: Mars | C4: =SUMIF('💶 Recettes et dépenses'!B:B,coulisses!A4,'💶 Recettes et dépenses'!G:G) -> 0 | D4: =SUMIF('💶 Recettes et dépenses'!I:I,coulisses!A4,'💶 Recettes et dépenses'!N:N) -> 0 | E4: =C4-D4 -> 0 | I4: Virement
A5: 4 | B5: Avril | C5: =SUMIF('💶 Recettes et dépenses'!B:B,coulisses!A5,'💶 Recettes et dépenses'!G:G) -> 0 | D5: =SUMIF('💶 Recettes et dépenses'!I:I,coulisses!A5,'💶 Recettes et dépenses'!N:N) -> 0 | E5: =C5-D5 -> 0
A6: 5 | B6: Mai | C6: =SUMIF('💶 Recettes et dépenses'!B:B,coulisses!A6,'💶 Recettes et dépenses'!G:G) -> 0 | D6: =SUMIF('💶 Recettes et dépenses'!I:I,coulisses!A6,'💶 Recettes et dépenses'!N:N) -> 0 | E6: =C6-D6 -> 0
A7: 6 | B7: Juin | C7: =SUMIF('💶 Recettes et dépenses'!B:B,coulisses!A7,'💶 Recettes et dépenses'!G:G) -> 0 | D7: =SUMIF('💶 Recettes et dépenses'!I:I,coulisses!A7,'💶 Recettes et dépenses'!N:N) -> 0 | E7: =C7-D7 -> 0
A8: 7 | B8: Juillet | C8: =SUMIF('💶 Recettes et dépenses'!B:B,coulisses!A8,'💶 Recettes et dépenses'!G:G) -> 0 | D8: =SUMIF('💶 Recettes et dépenses'!I:I,coulisses!A8,'💶 Recettes et dépenses'!N:N) -> 0 | E8: =C8-D8 -> 0
A9: 8 | B9: Août | C9: =SUMIF('💶 Recettes et dépenses'!B:B,coulisses!A9,'💶 Recettes et dépenses'!G:G) -> 0 | D9: =SUMIF('💶 Recettes et dépenses'!I:I,coulisses!A9,'💶 Recettes et dépenses'!N:N) -> 0 | E9: =C9-D9 -> 0
A10: 9 | B10: Septembre | C10: =SUMIF('💶 Recettes et dépenses'!B:B,coulisses!A10,'💶 Recettes et dépenses'!G:G) -> 0 | D10: =SUMIF('💶 Recettes et dépenses'!I:I,coulisses!A10,'💶 Recettes et dépenses'!N:N) -> 0 | E10: =C10-D10 -> 0
A11: 10 | B11: Octobre | C11: =SUMIF('💶 Recettes et dépenses'!B:B,coulisses!A11,'💶 Recettes et dépenses'!G:G) -> 0 | D11: =SUMIF('💶 Recettes et dépenses'!I:I,coulisses!A11,'💶 Recettes et dépenses'!N:N) -> 0 | E11: =C11-D11 -> 0
A12: 11 | B12: Novembre | C12: =SUMIF('💶 Recettes et dépenses'!B:B,coulisses!A12,'💶 Recettes et dépenses'!G:G) -> 0 | D12: =SUMIF('💶 Recettes et dépenses'!I:I,coulisses!A12,'💶 Recettes et dépenses'!N:N) -> 0 | E12: =C12-D12 -> 0
A13: 12 | B13: Décembre | C13: =SUMIF('💶 Recettes et dépenses'!B:B,coulisses!A13,'💶 Recettes et dépenses'!G:G) -> 0 | D13: =SUMIF('💶 Recettes et dépenses'!I:I,coulisses!A13,'💶 Recettes et dépenses'!N:N) -> 0 | E13: =C13-D13 -> 0
A17: 🧔🏽
A18: 🧔🏼
A19: 👩🏾‍🦰
A20: 👵🏻
A21: 👱🏼
A22: 👩🏿‍🦱
A23: 🧑🏼‍🦱
A24: 👨🏼‍🦰
A25: 👩🏽‍🦱
A26: 👩🏻‍🦱
A27: 👨🏾‍🦲
A28: 👨🏼‍🦲
... A36: 🧑🏾‍🦱
